AoeStats
← 04boyka12

Lombardia

508069263Analyzed
4v4 RM · 11d ago on Sep 20, 2026· 70m 17s· 8 players
Game mode
Random Map
Map size
Large (8 player)
Population
200
Speed
Normal
Resources
Standard
Victory
Conquest
Starting age
Dark Age
Ending age
Imperial Age
RankedLock teamsTeams togetherTeam positionsShared explorationLock speedFull tech treeHidden civsTurbo modeCheats
Victory
Defeat
🇩🇪 Spanish · Germany
891
+15
🇫🇷 Gurjaras · France
876
+16
🇵🇰 Cumans · Pakistan
853
+17
🇲🇽 Britons · Mexico
837
+17
🇺🇸 Burmese · United States
919
-18
🇺🇸 Portuguese · United States
910
-18
🇨🇱 Britons · Chile
876
-17
🇺🇸 Magyars · United States
775
-12
Sherdil
1:00 Loom
12:55 Feudal Age
21:16 Castle Age
19:17 Horse Collar
19:24 Double-Bit Axe
21:20 Stone Mining
25:45 Bow Saw
29:36 Bloodlines
32:03 Imperial Age
31:09 Bloodlines
31:09 Scale Barding Armor
31:15 Forging
31:51 Wheelbarrow
32:08 Gold Mining
33:39 Gold Shaft Mining
33:07 Heavy Plow
33:26 Hand Cart
33:49 Chain Barding Armor
34:05 Iron Casting
32:58 Cavalier
35:35 Two-Man Saw
35:16 Paladin
37:05 Blast Furnace
37:32 Plate Barding Armor
38:58 Conscription
45:25 Caravan
48:26 Fletching
69:26 Crop Rotation
hula
10:39 Feudal Age
10:24 Loom
11:14 Double-Bit Axe
11:28 Horse Collar
17:20 Castle Age
18:49 Light Cavalry
28:10 Husbandry
31:23 Imperial Age
29:27 Bloodlines
30:16 Wheelbarrow
31:26 Hand Cart
30:57 Town Watch
31:33 Scale Barding Armor
32:31 Conscription
33:19 Thumb Ring
35:04 Kshatriyas
35:28 Bow Saw
35:38 Elite Chakram Thrower
37:45 Chain Barding Armor
36:54 Heavy Camel Rider
37:48 Hussar
40:14 Hoardings
43:37 Caravan
45:59 Plate Barding Armor
46:52 Chemistry
46:14 Ballistics
45:33 Elite Skirmisher
53:12 Elite Elephant Archer
54:21 Frontier Guards
54:39 Elite Elephant Archer
04boyka12
5:46 Loom
10:16 Feudal Age
11:06 Town Watch
11:12 Double-Bit Axe
11:11 Horse Collar
13:31 Wheelbarrow
21:19 Castle Age
20:45 Fletching
20:57 Padded Archer Armor
23:44 Bow Saw
23:39 Heavy Plow
23:41 Bodkin Arrow
24:43 Leather Archer Armor
23:52 Crossbowman
26:09 Scale Barding Armor
29:31 Chain Barding Armor
31:45 Hand Cart
32:15 Town Patrol
35:04 Ballistics
34:41 Murder Holes
34:58 Fortified Wall
35:00 Masonry
34:31 Treadmill Crane
39:02 Imperial Age
40:06 Caravan
41:46 Conscription
41:58 Yeomen
41:00 Elite Longbowman
43:00 Chemistry
42:06 Siege Engineers
42:35 Architecture
45:13 Two-Man Saw
44:35 Husbandry
43:59 Light Cavalry
44:03 Cavalier
44:08 Capped Ram
46:03 Bracer
46:34 Ring Archer Armor
46:16 Forging
52:09 Iron Casting
52:10 Plate Barding Armor
54:04 Blast Furnace
63:37 Arbalester
Mistăr
0:36 Loom
10:38 Feudal Age
11:34 Double-Bit Axe
11:30 Horse Collar
13:45 Town Watch
17:35 Arson
19:34 Bloodlines
23:10 Castle Age
22:07 Forging
22:04 Scale Barding Armor
22:06 Stone Mining
22:43 Padded Archer Armor
23:04 Gold Mining
24:06 Bow Saw
24:21 Heavy Plow
26:36 Iron Casting
26:59 Husbandry
28:15 Chain Barding Armor
29:08 Light Cavalry
31:25 Elite Skirmisher
32:10 Thumb Ring
35:31 Imperial Age
33:50 Wheelbarrow
37:23 Chemistry
36:51 Conscription
37:15 Hand Cart
37:22 Fletching
38:09 Hussar
40:16 Stone Shaft Mining
41:03 Murder Holes
40:32 Pikeman
41:13 Squires
41:43 Halberdier
42:24 Capped Ram
43:11 Bodkin Arrow
44:16 Blast Furnace
44:38 Two-Man Saw
44:36 Leather Archer Armor
45:07 Bracer
45:48 Heavy Cavalry Archer
48:07 Ring Archer Armor
48:55 Ballistics
49:01 Scale Mail Armor
49:02 Arrowslits
50:17 Chain Mail Armor
53:27 Cavalier
54:45 Plate Barding Armor
54:41 Plate Mail Armor
55:43 Hoardings
54:39 Sappers
58:10 Masonry
62:03 Onager
64:06 Bombard Tower
63:45 Onager
66:09 Paladin
Peacemaker2000
6:13 Loom
6:19 Loom
11:48 Feudal Age
13:22 Horse Collar
20:41 Stone Mining
21:24 Forging
24:46 Castle Age
23:17 Bloodlines
23:25 Man-at-Arms
24:04 Arson
24:34 Scale Mail Armor
26:03 Squires
25:48 Gambesons
27:35 Gold Mining
27:09 Long Swordsman
28:19 Heavy Plow
32:20 Chain Mail Armor
32:41 Iron Casting
35:24 Gold Shaft Mining
34:54 Pikeman
38:31 Imperial Age
38:55 Two-Handed Swordsman
39:11 Elite Arambai
40:14 Conscription
39:56 Capped Ram
40:53 Halberdier
43:50 Champion
46:02 Ballistics
46:25 Caravan
47:52 Chemistry
47:35 Manipur Cavalry
52:15 Husbandry
58:17 Crop Rotation
58:28 Wheelbarrow
59:59 Howdah
59:21 Elite Battle Elephant
62:39 Scale Barding Armor
63:35 Blast Furnace
64:56 Chain Barding Armor
dajaegbu
8:16 Loom
12:09 Feudal Age
12:53 Double-Bit Axe
14:17 Wheelbarrow
15:03 Horse Collar
18:01 Castle Age
19:14 Bow Saw
26:24 Bloodlines
26:50 Husbandry
28:42 Caravan
33:16 Imperial Age
30:15 Pikeman
33:58 Elite Organ Gun
34:28 Gambesons
35:23 Hand Cart
36:06 Conscription
35:43 Cavalier
38:07 Scale Barding Armor
39:00 Forging
38:32 Halberdier
41:29 Scale Mail Armor
42:05 Iron Casting
44:36 Chain Mail Armor
45:21 Blast Furnace
50:39 Plate Mail Armor
50:29 Chain Barding Armor
Goggleman
10:23 Feudal Age
10:55 Double-Bit Axe
11:37 Horse Collar
17:22 Gold Mining
17:50 Bloodlines
19:29 Wheelbarrow
20:02 Stone Mining
27:04 Castle Age
27:21 Scale Mail Armor
27:26 Scale Barding Armor
27:46 Heavy Plow
28:23 Gold Shaft Mining
27:39 Stone Mining
28:02 Bow Saw
27:26 Light Cavalry
28:07 Husbandry
27:49 Pikeman
30:58 Hand Cart
31:45 Chain Barding Armor
31:40 Chain Mail Armor
32:39 Town Watch
32:40 Loom
36:09 Chain Mail Armor
38:08 Fletching
38:19 Padded Archer Armor
41:12 Thumb Ring
41:15 Caravan
43:12 Leather Archer Armor
42:53 Bodkin Arrow
45:29 Imperial Age
45:15 Corvinian Army
45:50 Heavy Cavalry Archer
46:58 Parthian Tactics
46:38 Bracer
47:05 Masonry
47:01 Siege Engineers
46:40 Treadmill Crane
47:13 Masonry
48:43 Conscription
49:47 Elite Magyar Huszar
53:03 Plate Barding Armor
53:02 Ring Archer Armor
54:41 Recurve Bow
60:38 Chemistry
59:58 Ballistics
59:07 Halberdier
59:34 Arson
Dr Deleetus
4:12 Loom
13:04 Feudal Age
15:24 Double-Bit Axe
18:24 Castle Age
19:36 Wheelbarrow
22:43 Bow Saw
24:47 Fletching
28:51 Pikeman
32:40 Gold Mining
32:43 Stone Mining
33:59 Crossbowman
37:16 Fortified Wall
38:47 Ballistics
39:02 Bodkin Arrow
39:58 Gold Shaft Mining
42:47 Imperial Age
40:32 Hand Cart
40:25 Man-at-Arms
40:50 Gambesons
43:21 Masonry
43:35 Bracer
44:05 Conscription
43:13 Halberdier
43:56 Squires
45:07 Two-Man Saw
45:13 Elite Longbowman
45:44 Treadmill Crane
47:06 Chemistry
46:16 Town Watch
47:09 Padded Archer Armor
47:10 Scale Mail Armor
47:21 Forging
47:16 Scale Barding Armor
47:38 Siege Engineers
48:42 Long Swordsman
49:09 Arson
50:36 Yeomen
52:05 Two-Handed Swordsman
53:05 Leather Archer Armor
53:06 Chain Mail Armor
53:26 Iron Casting
53:05 Caravan
53:35 Coinage
53:16 Guilds
52:53 Champion
54:11 Ring Archer Armor
53:56 Elite Skirmisher
55:21 Plate Mail Armor
Connection lost

Rejoining the realm…

Still unreachable

The connection could not be restored.

Session expired

The server has moved on; the page needs a fresh start.